 Dungeon Crawl Stone Soup version 0.29.0-4-gdea44cf6ec (webtiles) character file.

Game seed: 14982953945311679976

42 qw the Chopper (level 3, -1/21 HPs)
             Began as a Tengu Warper on Aug 28, 2022.
             Slain by a gnoll
             ... wielding a +0 whip
              (8 damage)
             ... on level 2 of the Dungeon.
             The game lasted 00:00:07 (1321 turns).

qw the Chopper (Tengu Warper)                       Turns: 1321, Time: 00:00:08

Health: -1/21      AC:  3    Str: 13    XL:     3   Next: 54%
Magic:  7/7        EV: 12    Int: 13    God:
Gold:   17         SH:  0    Dex: 13    Spells: 6/6 levels left

rFire   . . .      SeeInvis .   a - +0 hand axe
rCold   . . .      Faith    .   (no shield)
rNeg    . . .      Spirit   .   b - +0 leather armour
rPois   .          Reflect  .   (helmet restricted)
rElec   .          Harm     .   (no cloak)
rCorr   .          Rampage  .   (no gloves)
Will    .....                   (boots unavailable)
Stlth   +.........              (no amulet)
HPRegen 0.07/turn               (no ring)
MPRegen 0.10/turn               (no ring)

@: no status effects
A: beak, talons 3
a: no special abilities


You were on level 2 of the Dungeon.
You visited 1 branch of the dungeon, and saw 2 of its levels.

You collected 17 gold pieces.


Innate Abilities, Weirdness & Mutations

You have a beak for a mouth.
You have claws for feet.


   Skills:
 - Level 2.0 Fighting
 + Level 4.2 Axes
 - Level 1.0 Throwing
 - Level 1.1 Armour
 - Level 2.1 Dodging
 - Level 2.0 Spellcasting
 - Level 2.4 Translocations


You had 6 spell levels left.
You didn't know any spells.
Your spell library contained the following spells:

 Spells                   Type           Power      Damage    Failure   Level
 Blink                    Tloc           14%        N/A       19%         2
 Gell's Gravitas          Tloc           7%         N/A       36%         3
 Lesser Beckoning         Tloc           7%         N/A       36%         3
 Teleport Other           Tloc           7%         N/A       36%         3
 Manifold Assault         Tloc           7%         N/A       98%         5

Inventory:

Hand Weapons
 a - a +0 hand axe (weapon)
 d - a +0 club
Missiles
 c - 10 boomerangs (quivered)
Armour
 b - a +0 leather armour (worn)
Scrolls
 i - a scroll of immolation {unknown}
Potions
 f - a potion of might {unknown}
 g - 2 potions of invisibility {unknown}
 h - a potion of cancellation {unknown}

Dungeon Overview and Level Annotations

Branches:
Dungeon (2/15)

Altars:


Message History

You hear a shout!
The ball python barely misses you. The ball python closely misses you.
The adder closely misses you.
You hit the adder. Your kick misses the adder.
The adder is almost dead.
You barely miss the ball python. The ball python misses you.
The ball python grabs you. The ball python constricts you.
The adder bites you but does no damage. The gnoll barely misses you.
The goblin hits something with a +0 club.
The ball python bites you but does no damage.
The ball python constricts you.
You hit the ball python but do no damage.
You claw the ball python.
The ball python is heavily wounded.
You barely miss the adder. The adder bites you but does no damage.
The gnoll hits you from afar with a +0 spear.
The ball python bites you but does no damage.
The ball python constricts you. The adder bites you but does no damage.
The goblin splashes around in the water.
You hit the ball python.
You kill the ball python!
You hit the adder but do no damage.
The gnoll hits you from afar with a +0 spear.
A gnoll comes into view. It is wielding a +0 whip.
The adder closely misses you.
The goblin hits something with a +0 club.
The gnoll hits you from afar with a +0 spear!
1320 ||| DRINKING potion of heal wounds.
You feel much better.
The adder bites you. x2; The gnoll completely misses you.
The gnoll hits you with a +0 whip!
You barely miss the adder.
The adder is almost dead.
You hit the gnoll. The adder closely misses you.
The gnoll hits you from afar with a +0 spear.
The gnoll hits you with a +0 whip!
You die...

#...~~~~~...##
#%..~~~~~P....
#)...~~~~P...#
#....~~~~~.~.+
#...~P~~~P~
###.~~~~~~~
#..^~~~~g
#.g.P~~~r
#@S...P~~
........#gg~~P~
......%.##.P~P~
........# .g~P~
........# .....
........# #...
........# .#g
........#


You could see 4 gnolls, an adder, a quokka and 2 goblins.

Vanquished Creatures
  A dart slug (D:2)
  5 ball pythons
  4 bats
  2 endoplasms (D:1)
  2 giant cockroaches
  4 goblins (D:1)
  3 hobgoblins
  5 jackals (D:1)
  5 kobolds
  3 rats
34 creatures vanquished.

Vanquished Creatures (others)
  2 plants
2 creatures vanquished.

Grand Total: 36 creatures vanquished

Notes
Turn   | Place    | Note
-------+----------+-------------------------------------------
     0 | D:1      | qw the Tengu Warper began the quest for the Orb.
     0 | D:1      | Reached XP level 1. HP: 12/12 MP: 4/4
     0 | D:1      | 0 ||| qw: Version: 0.1-a-89-g26bdef1
     0 | D:1      | 0 ||| qw: Game counter: 602
     0 | D:1      | 0 ||| qw: Always use a shield: true
     0 | D:1      | 0 ||| qw: God list: Okawaru
     0 | D:1      | 0 ||| qw: Allow faded altars: false
     0 | D:1      | 0 ||| qw: Do Orc after D:15 true
     0 | D:1      | 0 ||| qw: Do second Lair branch before Depths: true
     0 | D:1      | 0 ||| qw: Lair rune preference: random
     0 | D:1      | 0 ||| qw: Plans: Normal
     0 | D:1      | 0 ||| PLANNING D:1-11
   131 | D:1      | 131 ||| Stepping ~*~*~tactically~*~*~ (stealth).
   146 | D:1      | Reached XP level 2. HP: 17/17 MP: 6/6
   146 | D:1      | 146 ||| Stepping ~*~*~tactically~*~*~ (stealth).
   148 | D:1      | 148 ||| Stepping ~*~*~tactically~*~*~ (stealth).
   152 | D:1      | Reached skill level 3 in Axes
   198 | D:1      | 198 ||| Stepping ~*~*~tactically~*~*~ (stealth).
   201 | D:1      | 201 ||| Stepping ~*~*~tactically~*~*~ (stealth).
   205 | D:1      | 205 ||| Stepping ~*~*~tactically~*~*~ (stealth).
   584 | D:1      | 584 ||| DRINKING 2 glowing red potions.
   585 | D:1      | 585 ||| DROPPING scroll of blinking.
   613 | D:1      | Reached XP level 3. HP: 18/21 MP: 7/7
  1163 | D:2      | 1163 ||| Stepping ~*~*~tactically~*~*~ (hiding).
  1172 | D:2      | Reached skill level 4 in Axes
  1199 | D:2      | Found a faded altar of an unknown god.
  1319 | D:2      | HP: 3/21 [gnoll/+0 spear (8)]
  1320 | D:2      | 1320 ||| DRINKING potion of heal wounds.
  1321 | D:2      | Slain by a gnoll

Levels and vault maps discovered:
D:1:      ncdulo_halloftheorcs, layout_loops_ring, grunt_decor_clamped,
          nicolae_concentric_dashed_squares_wild, serial_bayou_crossing
D:2:      cheibrodos_fertilizer, layout_basic, ebering_ecumenical_altar_webs,
          basic_altar, amcnicky_mini_corridor_feature, chequers_big_river,
          kennysheep_path_1

Skill      XL: |  1  2  3 |
---------------+----------+-----
Axes           | 3 4 |  4.2
Fighting       | |  2.0
Throwing       | |  1.0
Armour         | |  1.1
Dodging        | |  2.1
Spellcasting   | |  2.0
Translocations | |  2.4

Action                   || total
-------------------------++-------
Melee: Hand axe          ||    67
       Kick              ||    12
       Peck              ||    12
       Punch             ||     1
Throw: Boomerang         ||    24
  Use: Potion            ||     2
Armor: Leather armour    ||    19
Dodge: Dodged            ||    48

Table legend:
 A = Non-vault XP
 B = Vault XP
 C = Vault XP percentage of total XP
 D = Non-vault monster count
 E = Vault monster count
 F = Vault count percentage of total count
                 A         B        C        D         E       F
            +---------+---------+-------+---------+---------+-------
      Total |      60 |       0 |   0.0 |      34 |       0 |   0.0
            +---------+---------+-------+---------+---------+-------
        D:1 |      41 |       0 |   0.0 |      23 |       0 |   0.0
        D:2 |      19 |       0 |   0.0 |      11 |       0 |   0.0
            +---------+---------+-------+---------+---------+-------
